AoeStats
← Tomate

Arena

509723085Analyzed
2v2 RM · 6d ago on Sep 27, 2026· 49m 49s· 4 players
Game mode
Random Map
Map size
Medium (4 player)
Population
200
Speed
Normal
Resources
Standard
Victory
Conquest
Starting age
Dark Age
Ending age
Imperial Age
RankedLock teamsTeams togetherTeam positionsShared explorationLock speedFull tech treeHidden civsTurbo modeCheats
Victory
Defeat
🇨🇱 Poles · Chile
916
+16
🇨🇱 Khmer · Chile
915
+16
🇦🇷 Cumans · Argentina
929
-44
🇫🇷 Japanese · France
900
-15
Gudart34
5:02 Loom
10:30 Feudal Age
15:54 Castle Age
14:14 Double-Bit Axe
15:53 Gold Mining
17:04 Bow Saw
20:02 Horse Collar
21:18 Pikeman
25:30 Gold Shaft Mining
24:57 Heavy Plow
24:51 Stone Mining
26:27 Wheelbarrow
25:38 Town Watch
31:01 Imperial Age
29:33 Fortified Wall
29:44 Ballistics
30:08 Bloodlines
29:59 Husbandry
30:04 Scale Mail Armor
30:26 Forging
30:47 Squires
30:35 Arson
33:39 Two-Man Saw
33:20 Conscription
34:13 Hand Cart
33:58 Town Patrol
34:46 Iron Casting
34:47 Town Patrol
35:38 Elite Samurai
36:01 Halberdier
37:10 Kataparuto
38:21 Blast Furnace
37:28 Scale Barding Armor
37:15 Fletching
37:25 Padded Archer Armor
39:15 Crossbowman
40:18 Bodkin Arrow
Nacho-Z500
12:16 Feudal Age
13:33 Wheelbarrow
12:47 Loom
12:56 Double-Bit Axe
12:54 Horse Collar
13:52 Gold Mining
20:35 Town Watch
23:13 Castle Age
22:34 Bloodlines
24:14 Hand Cart
24:51 Gold Shaft Mining
24:07 Stone Mining
24:21 Heavy Plow
26:45 Bow Saw
31:12 Imperial Age
29:23 Ballistics
29:57 Town Patrol
31:10 Heated Shot
31:18 Murder Holes
31:50 Careening
31:35 Cavalier
33:28 Masonry
34:01 Crop Rotation
35:20 Paladin
36:48 Steppe Husbandry
38:25 Hoardings
37:52 Steppe Husbandry
38:06 Scale Barding Armor
38:06 Scale Mail Armor
39:08 Forging
38:53 Fletching
41:07 Chain Barding Armor
41:23 Iron Casting
40:44 Bodkin Arrow
40:50 Padded Archer Armor
44:25 Plate Barding Armor
44:33 Elite Kipchak
Tomate
11:24 Feudal Age
12:38 Loom
16:00 Castle Age
14:02 Double-Bit Axe
15:05 Forging
14:41 Horse Collar
15:57 Bloodlines
16:54 Husbandry
17:48 Bow Saw
19:51 Iron Casting
22:52 Wheelbarrow
23:33 Man-at-Arms
25:46 Hand Cart
27:56 Gold Mining
28:01 Stone Mining
31:19 Imperial Age
29:07 Scale Barding Armor
28:54 Fletching
33:46 Heavy Plow
34:59 Crop Rotation
34:52 Double Crossbow
34:43 Elite Ballista Elephant
36:07 Chain Barding Armor
37:52 Plate Barding Armor
36:49 Light Cavalry
37:58 Conscription
38:02 Town Watch
39:17 Gold Shaft Mining
39:19 Stone Shaft Mining
39:12 Scale Mail Armor
41:54 Blast Furnace
41:09 Chain Mail Armor
40:50 Bodkin Arrow
40:49 Pikeman
42:22 Arson
42:06 Halberdier
46:07 Ballistics
47:04 Chemistry
46:52 Siege Engineers
47:50 Arson
48:51 Bracer
48:52 Padded Archer Armor
nnickk0
4:15 Loom
10:26 Feudal Age
15:35 Castle Age
13:51 Double-Bit Axe
13:47 Horse Collar
18:03 Wheelbarrow
18:29 Fervor
19:28 Hand Cart
28:05 Imperial Age
26:53 Gold Mining
26:56 Stone Mining
28:46 Stone Shaft Mining
30:28 Town Watch
31:27 Crossbowman
32:18 Fletching
32:29 Padded Archer Armor
33:01 Arbalester
33:47 Thumb Ring
33:45 Cavalier
34:26 Husbandry
34:36 Bloodlines
35:19 Town Patrol
35:19 Bodkin Arrow
35:40 Leather Archer Armor
35:30 Scale Barding Armor
36:12 Szlachta Privileges
38:31 Bracer
38:51 Chain Barding Armor
41:09 Scale Mail Armor
41:20 Forging
45:33 Conscription
47:17 Chemistry
46:23 Siege Engineers
46:14 Murder Holes
46:30 Fortified Wall
46:41 Ballistics
Connection lost

Rejoining the realm…

Still unreachable

The connection could not be restored.

Session expired

The server has moved on; the page needs a fresh start.